 Dungeon Crawl Stone Soup version 0.31.0-4-g52a2dc7128 (webtiles) character file.

Game seed: 1998251682623325603

2657 James the Covert (level 9, -5/42 HPs)
             Began as a Spriggan Enchanter on Jan 21, 2024.
             Killed from afar by a steam dragon (20 damage)
             ... with a ball of steam
             ... on level 6 of the Dungeon.
             The game lasted 00:37:00 (9577 turns).

James the Covert (Spriggan Enchanter)               Turns: 9577, Time: 00:37:01

Health: -5/42      AC:  2    Str:  4    XL:     9   Next: 36%
Magic:  16/20      EV: 23    Int: 21    God:
Gold:   318        SH:  0    Dex: 15    Spells: 11/22 levels left

rFire   . . .        a - +1 dagger
rCold   . . .        (no shield)
rNeg    . . .        d - +0 robe
rPois   .            (helmet restricted)
rElec   .            (no cloak)
rCorr   .            (gloves unavailable)
SInv    +            (boots unavailable)
Will    +....        (no amulet)
Stlth   ++++         t - +5 ring of evasion
HPRegen 0.27/turn    (no ring)
MPRegen 0.17/turn

%: no passive effects
@: lethally poisoned (-5 -> -7), very quick
A: very small, no large weapons, unfitting armour, see invisible, speed 3
a: no special abilities


You were on level 6 of the Dungeon.
You visited 1 branch of the dungeon, and saw 7 of its levels.
You also visited: Sewer.

You collected 380 gold pieces.
You spent 62 gold pieces at shops.

Inventory:

Hand Weapons
 a - a +1 dagger (weapon)
 b - a +0 short sword
   (You took it off a kobold on level 1 of the Dungeon)
 g - a +0 spear
   (You found it on level 1 of the Dungeon)
 v - a +0 sling
   (You took it off a goblin on level 2 of the Dungeon)
 y - a +0 trident
   (You took it off a goblin on level 3 of the Dungeon)
 E - a +0 whip of flaming
   (You took it off Pikel on level 5 of the Dungeon)
 K - a +1 mace of holy wrath
   (You found it on level 6 of the Dungeon)
Missiles
 h - 54 stones (quivered)
 k - 22 poisoned darts
 u - 4 throwing nets {!f}
 H - 6 boomerangs
Armour
 d - a +0 robe (worn)
 m - a +0 robe
   (You found it on level 1 of the Dungeon)
 r - a +0 robe
   (You took it off an orc wizard on level 5 of the Dungeon)
 B - a +0 robe
   (You took it off an orc wizard on level 5 of the Dungeon)
 C - a +0 robe
   (You took it off an orc wizard on level 5 of the Dungeon)
 D - a +0 robe
   (You took it off Pikel on level 5 of the Dungeon)
 L - a +0 robe
   (You took it off an orc wizard on level 6 of the Dungeon)
Jewellery
 t - a +5 ring of evasion (left hand)
   (You took it off a goblin on level 2 of the Dungeon)
 J - an amulet of guardian spirit
   (You found it on level 6 of the Dungeon)
Talismans
 n - a storm talisman
   (You found it on level 2 of the Dungeon)
 o - a beast talisman
   (You found it on level 2 of the Dungeon)
Wands
 x - a wand of roots (11)
   (You took it off Ijyb on level 5 of the Dungeon)
Scrolls
 e - a scroll of torment {unknown}
 i - a scroll of fog
 j - a scroll of teleportation {@r4}
 p - 2 scrolls of vulnerability {!r}
 A - a scroll of blinking
 F - 2 scrolls of revelation {unknown}
 I - a scroll of butterflies {unknown}
 M - a scroll of enchant weapon {unknown}
Potions
 c - 4 potions of invisibility
 f - 2 potions of haste {@q3}
 l - 3 potions of resistance
 q - 2 potions of heal wounds {@q2}
 s - 2 potions of curing {@q1}
 w - a potion of might
 z - 3 potions of magic
 G - a potion of attraction {!q}


   Skills:
 - Level 2.0 Fighting
 + Level 6.3 Short Blades
 + Level 4.5 Dodging
 + Level 9.9 Stealth
 - Level 7.0 Spellcasting
 + Level 9.4 Hexes
 - Level 1.0 Ice Magic


You had 11 spell levels left.
You knew the following spells:

 Your Spells              Type           Power      Damage    Failure   Level
a - Confusing Touch       Hex            46%        N/A       1%          3
b - Dazzling Flash        Conj/Hex       54%        N/A       3%          3
d - Tukima's Dance        Hex            46%        N/A       1%          3
x - Ensorcelled Hibernat  Hex/Ice        58%        N/A       1%          2

Your spell library contained the following spells:

 Spells                   Type           Power      Damage    Failure   Level
 Foxfire                  Conj/Fire      28%        2x1d5     9%          1
 Manifold Assault         Tloc           7%         N/A       65%         4
 Dispersal                Tloc           3%         N/A       100%        6
 Plasma Beam              Fire/Air       3%         2x1d13    100%        6
 Starburst                Conj/Fire      3%         6d3       100%        6
 Disjunction              Tloc           3%         N/A       100%        8


Dungeon Overview and Level Annotations

Branches:
Dungeon (7/15)              Sewer (visited)
 Temple: D:4-7

Altars:
Ashenzari
Hepliaklqana
Kikubaaqudgha
Makhleb
Nemelex Xobeh
Okawaru
Uskayaw
Xom

Shops:
D:2 *

Annotations:
D:4 1 runed translucent door, exclusion: player ghost, Pascal76's ghost, amateur MiFi


Innate Abilities, Weirdness & Mutations

You are very small and have problems with some larger weapons.
You are too small for most types of armour.
You have supernaturally acute eyesight. (SInv)
You cover ground extremely quickly. (Speed+++)


Message History

There is a stone staircase leading down here.
You climb downwards.
The kobold brigand shouts!
The kobold shouts!
The kobold throws a stone.
The stone hits you but does no damage.
The kobold shouts!
You hear a shout!
There is a stone staircase leading up here.
The steam dragon hisses angrily.
The kobold brigand throws a poisoned dart.
The poisoned dart misses you. The steam dragon breathes steam at you.
The ball of steam hits you!
You are engulfed in a cloud of scalding steam.
You climb upwards.
There is a stone staircase leading down here.
You start resting.
You climb downwards.
The kobold barely misses you.
The kobold brigand throws a poisoned dart.
The poisoned dart barely misses you. The kobold closely misses you.
The kobold brigand throws a poisoned dart.
The poisoned dart hits you!
You are poisoned.
There is a stone staircase leading up here.
You feel sick. The steam dragon misses you. x2
The kobold throws a poisoned dart.
The poisoned dart hits you.
You are more poisoned.
The kobold completely misses you.
You climb upwards.
You feel very sick.
There is a stone staircase leading down here.
Press: ? - help, Shift-Dir - straight line, f - steam dragon
Aim: a steam dragon (chance to affect: 59%)
The steam dragon resists with significant effort.
You feel sick. The kobold misses you. The steam dragon misses you.
The steam dragon closely misses you.
Press: ? - help, Shift-Dir - straight line, f/p - steam dragon
Aim: a steam dragon (chance to affect: 59%)
The steam dragon resists with significant effort.
You feel sick. The kobold completely misses you.
The steam dragon breathes steam at you. The ball of steam hits you!
* * * LOW HITPOINT WARNING * * *
Unknown command.
You feel sick.
You feel sick.
You feel sick.
The kobold is engulfed in a cloud of scalding steam.
The kobold dies!
The steam dragon breathes steam at you. The ball of steam hits you!!
You die...

.........#.#.###.##.##
......#.####.....##.#
.....######......##.# #...##
##..§§.§.##.##### .....#
##..§>§§§§.#.##..#
#...####...§D§..§§#.##..####
##.####......§§............#
#...##.........§....##..##.#
##.##...##......@...##..##.#
........................##.#
.#.#....................##.# ###
.................#.#.#..##.# #.#
.................#.#.#..##.# #.#
.#.#...............#.#..##.###.##
.#.#.............................
........#..........#.#......##.##
..##.####..........#.#..##..##.#


You could see a steam dragon (catching breath).

Vanquished Creatures
  Pikel (D:5)
  A komodo dragon (D:6)
  An orc warrior (D:6)
  2 ice beasts (D:4)
  2 black bears
  3 ogres
  A kobold brigand (Sewer)
  3 scorpions
  A bullfrog (D:6)
  4 bombardier beetles
  5 hounds
  An orc priest (D:2)
  A sleepcap (D:5)
  Ijyb (D:5)
  Natasha (thrice) (D:3)
  4 iguanas
  4 orc wizards
  9 gnolls
  10 adders
  2 river rats
  2 white imps
  2 ufetubi (D:6)
  2 ribbon worms
  2 dart slugs (D:2)
  7 orcs
  15 ball pythons
  9 bats
  8 endoplasms
  A giant cockroach (D:3)
  4 hobgoblins
  4 jackals
  6 quokkas
  5 frilled lizards
  10 goblins
  11 kobolds
  14 rats
161 creatures vanquished.

Vanquished Creatures (collateral kills)
  A gnoll (D:2)
1 creature vanquished.

Vanquished Creatures (others)
  A kobold (D:6)
1 creature vanquished.

Grand Total: 163 creatures vanquished

Notes
Turn   | Place    | Note
-------+----------+-------------------------------------------
     0 | D:1      | James the Spriggan Enchanter began the quest for the Orb.
     0 | D:1      | Reached XP level 1. HP: 9/9 MP: 5/5
   307 | D:1      | Reached XP level 2. HP: 14/14 MP: 6/6
   325 | D:1      | Learned a level 2 spell: Ensorcelled Hibernation
  1177 | D:2      | Reached XP level 3. HP: 17/17 MP: 2/8
  1255 | D:2      | Found Lonyakh's Assorted Antiques.
  1344 | D:1      | Learned a level 3 spell: Confusing Touch
  1521 | D:2      | Reached skill level 5 in Stealth
  2501 | D:2      | Reached skill level 1 in Fighting
  2546 | D:2      | Reached XP level 4. HP: 22/22 MP: 6/9
  2554 | D:2      | Reached skill level 1 in Ice Magic
  2639 | D:2      | Found Lonyakh's Assorted Antiques.
  3061 | D:2      | Learned a level 3 spell: Tukima's Dance
  3139 | D:3      | Noticed Natasha
  3412 | D:3      | Reached XP level 5. HP: 25/25 MP: 7/10
  3612 | D:3      | Found a sparkling altar of Nemelex Xobeh.
  3715 | D:3      | Found a burning altar of Makhleb.
  4140 | D:3      | Killed Natasha
  4211 | D:3      | Found an ancient bone altar of Kikubaaqudgha.
  4221 | D:3      | Found a broken altar of Ashenzari.
  4255 | D:3      | Found an ancient bone altar of Kikubaaqudgha.
  4276 | D:3      | Found a broken altar of Ashenzari.
  4452 | D:3      | Found a burning altar of Makhleb.
  4531 | D:3      | Noticed Natasha
  4549 | D:3      | Killed Natasha
  4550 | D:3      | Reached skill level 5 in Hexes
  4616 | D:3      | Found a sparkling altar of Nemelex Xobeh.
  4744 | D:3      | Noticed Natasha
  4752 | D:3      | Killed Natasha
  4753 | D:3      | Reached XP level 6. HP: 30/30 MP: 9/12
  4834 | D:3      | Identified the +6 great sword "Fomorphipn" {freeze, rN+}
  4980 | D:4      | Found a runed translucent door.
  4987 | D:4      | Noticed Pascal76's ghost (amateur MiFi)
  5020 | D:4      | Found a hazy altar of Hepliaklqana.
  5074 | D:4      | Learned a level 3 spell: Dazzling Flash
  5526 | D:4      | Reached XP level 7. HP: 33/33 MP: 14/14
  5973 | D:4      | Found a shimmering altar of Xom.
  6235 | D:5      | Entered Level 5 of the Dungeon
  6254 | D:5      | Noticed Ijyb
  6256 | D:5      | Killed Ijyb
  6453 | D:5      | Reached skill level 5 in Spellcasting
  6471 | D:5      | Noticed Pikel
  6549 | D:5      | Killed Pikel
  6550 | D:5      | Reached skill level 5 in Short Blades
  6550 | D:5      | Reached XP level 8. HP: 29/37 MP: 11/17
  6670 | D:5      | Found a glowing drain.
  6677 | Sewer    | Entered a sewer
  7974 | D:2      | Bought a scroll labelled VUIMPO TEUHIK for 31 gold pieces
  7974 | D:2      | Bought a scroll labelled XETWAT PEICHOMOTE for 31 gold
                  | pieces
  8199 | D:6      | Found an iron altar of Okawaru.
  8269 | D:6      | Reached XP level 9. HP: 41/41 MP: 16/19
  8377 | D:6      | Noticed a komodo dragon
  8495 | D:6      | Killed a komodo dragon
  9063 | D:6      | Found a hide-covered altar of Uskayaw.
  9577 | D:6      | Killed from afar by a steam dragon

Illustrated notes

Levels and vault maps discovered:
D:1:      mrwooster_arrival_statue_2, layout_basic
D:2:      wad_lake_hut, layout_loops_ring, serial_shops,
          nicolae_shop_tiny_real_fake_doors, serial_glass, glass_columns_a,
          glass_columns_b, minmay_pentomino_x4
D:3:      layout_loops_ring, mainiacjoe_overflow_large_starburst,
          nemelex_spade_bored_becter, mainiacjoe_overflow_tiny_flanked,
          uniq_natasha
D:4:      minmay_inner_zag, layout_basic, mainiacjoe_overflow_24_doors,
          mainiacjoe_overflow_small_starburst, gammafunk_ghost_grave
D:5:      layout_cave_pools, gup_sewer_entry_bubbles, cheibrodos_gnoll_hut,
          uniq_ijyb, uniq_pikel
D:6:      layout_basic, lemuel_round_altar, mainiacjoe_overflow_alcove_1,
          chequers_jeans, minivault_25, nicolae_figureground_sparkle
D:7:      layout_cave_pods, fedhas_ov_isle_minmay, temple_hall, st_stairs_12,
          uniq_duvessa, uniq_joseph, uniq_jeremiah

Skill      XL: |  1  2  3  4  5  6  7  8  9 |
---------------+----------------------------+-----
Dodging        | 3 4 |  4.5
Short Blades   | 2 3 4 5 6 |  6.3
Stealth        | 5 6 8 9 |  9.9
Spellcasting   | 3 4 5 6 7 |  7.0
Fighting       | 1 2 |  2.0
Ice Magic      | 1 |  1.0
Hexes          | 4 5 6 7 9 |  9.4

Action                     |  1- 3 |  4- 6 |  7- 9 || total
---------------------------+-------+-------+-------++-------
  Melee: Dagger            |    95 |   101 |   189 ||   385
         Short sword       |    10 |       |       ||    10
         Punch             |       |       |     5 ||     5
  Throw: Stone             |     5 |       |       ||     5
   Cast: Ensorcelled Hiber |    17 |    27 |    67 ||   111
         Confusing Touch   |       |     1 |     9 ||    10
         Tukima's Dance    |       |     1 |       ||     1
    Use: Scroll            |       |       |    15 ||    15
   Stab: Sleeping          |    22 |    29 |    45 ||    96
         Confused          |       |     1 |    10 ||    11
         Distracted        |       |       |     1 ||     1
 Armour: Robe              |    29 |    23 |    37 ||    89
  Dodge: Dodged            |    63 |    85 |   167 ||   315
